 Dungeon Crawl Stone Soup version 0.20-a0-876-g2c7b0bf (webtiles) character file.

849 4thArraOfDagon the Skirmisher (level 7, -4/66 HPs)
             Began as a Demigod Wanderer on Mar 15, 2017.
             Shot with a sling bullet by Joseph (11 damage)
             ... on level 9 of the Dungeon.
             The game lasted 00:08:59 (2367 turns).

4thArraOfDagon the Skirmisher (Demigod Wanderer)    Turns: 2367, Time: 00:09:00

Health: -4/66      AC:  8    Str: 17    XL:     7   Next: 41%
Magic:  9/9        EV: 11    Int: 18    God:
Gold:   151        SH:  0    Dex: 15    Spells: 6/6 levels left

rFire    . . .     SeeInvis +   a - +2 short sword
rCold    . . .     Gourm    .   e - +0 ring mail
rNeg     . . .     Faith    .   (no shield)
rPois    .         Spirit   .   (no helmet)
rElec    .         Reflect  .   m - +1 cloak
rCorr    +         Harm     .   (no gloves)
MR       .....                  (no boots)
Stlth    +.........             (no amulet)
Regen    0.3/turn               f - ring of resist corrosion
MPRegen  0.2/turn               p - ring of see invisible

@: no status effects
A: high mp 1
a: no special abilities


You were on level 9 of the Dungeon.
You were not hungry.

You visited 1 branch of the dungeon, and saw 10 of its levels.
You also visited: Ossuary and Bailey.

You collected 151 gold pieces.

Inventory:

Hand Weapons
 a - a +2 short sword (weapon)
 k - a +0 quarterstaff
 n - a +3 dagger
Armour
 c - a +0 robe
 e - a +0 ring mail (worn)
 m - a +1 cloak (worn)
Jewellery
 f - a ring of resist corrosion (right hand)
 g - an uncursed ring of fire
 p - a ring of see invisible (left hand)
Wands
 h - a wand of paralysis (2/24)
 r - a wand of iceblast (4/15)
Scrolls
 b - 2 scrolls of teleportation
 v - a scroll of amnesia
Potions
 i - a potion of brilliance {unknown}
 j - a potion of resistance {unknown}
 l - 2 potions of heal wounds
 o - 3 potions of mutation {unknown}
 q - 2 potions of flight {unknown}
 s - a potion of degeneration {unknown}
 t - a potion of berserk rage {unknown}
 u - a potion of curing {unknown}
Comestibles
 d - 7 bread rations


   Skills:
 + Level 7.5 Fighting
 - Level 1.7 Short Blades
 - Level 1.7 Throwing
 + Level 4.2 Armour
 - Level 1.0 Dodging
 - Level 1.0 Stealth


You had 6 spell levels left.
You didn't know any spells.

Dungeon Overview and Level Annotations

Branches:
Dungeon (10/15)            Temple (0/1) D:5
   Lair: D:8-11         Orc: D:9-12

Annotations:
D:4 4thArraOfDagon's ghost, weakling DgWn
D:8 4thArraOfDagon's ghost, amateur DgWn
D:9 Joseph


Innate Abilities, Weirdness & Mutations

You have an increased reservoir of magic. (+10% MP)


Message History

The hound bites you. The hound bites you but does no damage.
You hit the hound.
The hound is almost dead.
The hound bites you. The hound bites you but does no damage.
You puncture the hound!
You kill the hound!
You see here a hound corpse.
Found 12 gold pieces.
v - a scroll of amnesia You now have 151 gold pieces (gained 12).
Something unseen opens the door.
Joseph shouts!
Joseph shoots a sling bullet.
The sling bullet hits you!
* * * LOW HITPOINT WARNING * * *
You see here a sling bullet.
Joseph shoots a sling bullet.
The sling bullet hits you.
* * * LOW HITPOINT WARNING * * *
You see here a sling bullet.
Joseph shoots a sling bullet.
The sling bullet hits you!
You die...

####### ##############
........ ##............#
o........#.............#
o......................#
....... #............#
....... #.........†..#
....... #...((@......#
....... #########@####
###+###


You could see Joseph.

Vanquished Creatures
  A troll (D:9)
  An ogre (D:9)
  A centaur (D:6)
  An elf skeleton (D:7)
  A howler monkey (D:5)
  4 crimson imps
  2 hounds (D:9)
  A centaur skeleton (D:6)
  A human skeleton (D:7)
  2 orc wizards (D:8)
  2 shadow imps
  2 adder skeletons (D:7)
  A dart slug (D:2)
  2 leopard geckos
  4 orcs
  A ball python (D:5)
  2 bats (D:2)
  3 giant cockroaches
  3 goblins
  3 hobgoblins
  6 jackals
  A kobold (D:2)
  2 quokkas (D:3)
  2 frilled lizards
  A leopard gecko zombie (D:5)
  2 rats (D:3)
52 creatures vanquished.

Notes
Turn   | Place    | Note
-------+----------+-------------------------------------------
     0 | D:1      | 4thArraOfDagon the Demigod Wanderer began the quest for the Orb.
     0 | D:1      | 4thArraOfDagon set off with: a +2 short sword, 2 scrolls of teleportation, a +0 robe, a bread ration
     0 | D:1      | Reached XP level 1. HP: 19/19 MP: 3/3
   144 | D:2      | Reached skill level 4 in Fighting
   171 | D:2      | Reached XP level 2. HP: 21/27 MP: 4/4
   535 | D:3      | Found a snail-covered altar of Cheibriados.
   651 | D:3      | Found an opulent altar of Gozag.
   683 | D:3      | Reached skill level 5 in Fighting
   683 | D:3      | Reached XP level 3. HP: 18/36 MP: 5/5
   873 | D:4      | Noticed 4thArraOfDagon's ghost (weakling DgWn)
   886 | D:5      | Entered Level 5 of the Dungeon
   977 | D:5      | Found an iron altar of Okawaru.
  1059 | D:5      | Reached XP level 4. HP: 42/42 MP: 6/6
  1152 | D:5      | Found a staircase to the Ecumenical Temple.
  1295 | D:6      | Noticed a centaur
  1304 | D:6      | Killed a centaur
  1304 | D:6      | Reached skill level 6 in Fighting
  1304 | D:6      | Reached skill level 1 in Armour
  1304 | D:6      | Reached XP level 5. HP: 27/50 MP: 7/7
  1307 | D:6      | Found a radiant altar of Vehumet.
  1519 | D:7      | Found an iron altar of Okawaru.
  1529 | D:7      | Noticed Joseph
  1763 | D:7      | Reached XP level 6. HP: 43/58 MP: 8/8
  1770 | D:7      | Found a sand-covered staircase.
  1795 | Ossuary  | Entered an ossuary
  1851 | D:7      | magipi: hi
  1904 | D:8      | magipi: I see that you play wanderers now
  1925 | D:8      | Noticed 4thArraOfDagon's ghost (amateur DgWn)
  2206 | D:9      | You fall through a shaft!
  2206 | D:10     | Entered Level 10 of the Dungeon
  2244 | D:9      | Noticed a troll
  2260 | D:9      | Killed a troll
  2260 | D:9      | Reached skill level 7 in Fighting
  2260 | D:9      | Reached XP level 7. HP: 62/66 MP: 9/9
  2328 | D:9      | Found a flagged portal.
  2335 | Bailey   | Entered a bailey
  2335 | Bailey   | Noticed Slobodan's ghost (novice GrFi)
  2367 | D:9      | Shot with a sling bullet by Joseph

Vault maps used:
D:1:      dpeg_arrival_round_a
D:3:      nicolae_gozag_seed_capital, cheibriados_altar_1
D:4:      chequers_temple_overflow_minitemple, first_bread
D:5:      minmay_temple_entry_overgrown, basic_altar
D:6:      kennysheep_mini_moat, uniq_menkaure
D:7:      nicolae_overflow_crystal_walls, nicolae_ossuary_entry_catacombs,
          the_bakery, uniq_joseph
D:8:      minmay_flawed_box, david_lair_shrubbed, kennysheep_nondescript
D:9:      marbit_many_paths, nicolae_overflow_hidden_temple, enter_bailey_3
D:10:     orc_0_dummy, uniq_urug, uniq_josephine
Ossuary:  ossuary_tomb_1
Bailey:   bailey_polearm_gnolls_kennysheep, bailey

Skill      XL: |  1  2  3  4  5  6  7 |
---------------+----------------------+-----
Fighting       | 4 5 6 7 |  7.5
Armour         | 1 2 3 4 |  4.2
Short Blades   | |  1.7
Throwing       | |  1.7
Dodging        | |  1.0
Stealth        | |  1.0

Action                   |  1- 3 |  4- 6 |  7- 9 || total
-------------------------+-------+-------+-------++-------
Melee: Short sword       |    80 |   134 |    37 ||   251
Evoke: Wand              |     5 |     5 |     1 ||    11
  Use: Scroll            |     5 |     5 |     2 ||    12
 Stab: Distracted        |     1 |       |       ||     1
       Paralysed         |     2 |    14 |     4 ||    20
       Sleeping          |     1 |       |       ||     1
  Eat: Chunk             |       |     2 |       ||     2
       Fruit             |       |     3 |       ||     3
Armor: Robe              |     6 |       |       ||     6
       Ring mail         |    14 |    29 |    23 ||    66
Dodge: Dodged            |    48 |    64 |    29 ||   141
